 Dungeon Crawl Stone Soup version 0.18.1-5-g4a78601 (webtiles) character file.

1235 imganon the Cleaver (level 8, 0/64 HPs)
             Began as a Hill Orc Berserker on May 14, 2016.
             Was a Priest of Trog.
             Slain by epen's ghost (4 damage)
             ... on level 5 of the Dungeon.
             The game lasted 00:07:58 (4933 turns).

imganon the Cleaver (Hill Orc Berserker)            Turns: 4933, Time: 00:07:58

Health: 0/64       AC:  7    Str: 22    XL:     8   Next: 49%
Magic:  8/8        EV:  9    Int:  7    God:    Trog [***...]
Gold:   246        SH:  0    Dex: 10    Spells: 0 memorised, 7 levels left

rFire  . . .     SeeInvis .     a - +0 hand axe
rCold  . . .     Gourm    .     d - +0 scale mail (curse)
rNeg   . . .     Faith    .     (no shield)
rPois  .         Spirit   .     j - +0 helmet
rElec  .         Dismiss  .     (no cloak)
rCorr  .         Reflect  .     (no gloves)
SustAt +         Harm     .     (no boots)
MR     .....                    (no amulet)
Stlth  ..........               (no ring)
                                l - ring of sustain attributes

@: exhausted, slowed, very heavily drained, very slow, not resistant to hostile
enchantments, extremely unstealthy
A: no striking features
a: Berserk, Trog's Hand, Burn Spellbooks, Renounce Religion


You were on level 5 of the Dungeon.
You worshipped Trog.
Trog was most pleased with you.
You were very hungry.

You visited 1 branch of the dungeon, and saw 5 of its levels.

You collected 246 gold pieces.

Inventory:

Hand Weapons
 a - a +0 hand axe (weapon)
Armour
 d - a cursed +0 scale mail (worn)
 j - a +0 helmet (worn)
Jewellery
 l - a ring of sustain attributes (left hand)
Wands
 r - a wand of hasting (2/9)
 t - a wand of slowing (15/48)
Scrolls
 b - a scroll of teleportation
 e - a scroll of magic mapping {unknown}
 h - 2 scrolls of noise {unknown}
 i - a scroll of fog {unknown}
 o - a scroll of identify {unknown}
 s - 2 scrolls of recharging {unknown}
Potions
 g - a potion of haste {unknown}
 k - a potion of curing {unknown}
 m - 2 potions of brilliance {unknown}
 n - a potion of degeneration {unknown}
Comestibles
 c - 2 bread rations
 f - 4 meat rations
 p - a chunk of flesh
 q - 2 beef jerkies


   Skills:
 - Level 3.6(0.0) Fighting
 + Level 13.0(6.8) Axes
 - Level 2.1(0.0) Armour
 - Level 1.5(0.0) Dodging


You had 7 spell levels left.
You didn't know any spells.

Dungeon Overview and Level Annotations

Branches:
Dungeon (5/15)             Temple (0/1) D:4

Altars:
Ashenzari
Elyvilon
Kikubaaqudgha

Annotations:
D:5 epen's ghost, novice GrGl


Message History

You barely miss epen's ghost.
Epen's ghost is severely damaged.
Epen's ghost hits you!
* * * LOW HITPOINT WARNING * * *
You feel drained.
* * * LOW HITPOINT WARNING * * *
You hit epen's ghost.
Epen's ghost is severely damaged.
Epen's ghost hits you but does no damage.
You feel drained.
Unknown command.
Epen's ghost hits you but does no damage.
You feel drained.
Epen's ghost hits you but does no damage.
You feel drained.
There is a stone staircase leading down here.
Epen's ghost hits you!
* * * LOW HITPOINT WARNING * * *
You feel drained.
You die...

... ..# #.# ######### ..# #.#
#........ ..# #.# #.# ..# #.#
#.# ..# #.#.##.####### ..#
#.#...........
..######.####.#############.#
..............>W@...........#
##.#####..########......#####.#
....# #......(......)........#
##..# #...........####)#######
#..# ##.########## #.#
#..#####.# #.# ##..... #.# #.#
.#...##.#.# #.# .#...... #.#


You could see epen's ghost.

Vanquished Creatures
  The ghost of dadoka the Slasher, a novice FoAK of Lugonu (D:4)
  Duvessa (D:5)
  3 ogres
  Dowan (D:5)
  A scorpion (D:5)
  3 vampire bats (D:3)
  A howler monkey (D:4)
  A crimson imp (D:4)
  A hound (D:5)
  2 orc priests (D:3)
  Natasha (twice) (D:4)
  Robin (D:3)
  5 adders
  3 worms
  4 giant geckos
  3 orcs
  A bat skeleton (D:3)
  5 bat zombies (D:3)
  3 giant cockroaches
  19 goblins
  14 hobgoblins
  2 jackals (D:3)
  5 quokkas
  3 ball pythons
  8 bats
  2 giant gecko skeletons (D:5)
  2 giant newts
  8 kobolds
  6 rats
111 creatures vanquished.

Notes
Turn   | Place    | Note
--------------------------------------------------------------
     0 | D:1      | imganon the Hill Orc Berserker began the quest for the Orb.
     0 | D:1      | Reached XP level 1. HP: 19/19 MP: 1/1
   281 | D:1      | Reached XP level 2. HP: 21/26 MP: 2/2
   401 | D:1      | Reached skill level 5 in Axes
   408 | D:1      | Reached ** piety under Trog
   662 | D:1      | Reached XP level 3. HP: 25/31 MP: 3/3
  1266 | D:2      | Reached skill level 6 in Axes
  1402 | D:2      | Reached XP level 4. HP: 21/39 MP: 4/4
  2337 | D:3      | Reached skill level 7 in Axes
  2506 | D:3      | Reached XP level 5. HP: 40/45 MP: 5/5
  2542 | D:3      | Reached skill level 8 in Axes
  2566 | D:3      | Noticed Robin
  2606 | D:3      | Killed Robin
  2606 | D:3      | Reached *** piety under Trog
  2884 | D:3      | Found a faded altar to an unknown god.
  3165 | D:3      | Found a white marble altar of Elyvilon.
  3337 | D:3      | Found an ancient bone altar of Kikubaaqudgha.
  3347 | D:3      | Reached XP level 6. HP: 51/51 MP: 6/6
  3353 | D:3      | Reached skill level 9 in Axes
  3431 | D:4      | Noticed dadoka's ghost (novice FoAK)
  3446 | D:4      | Killed dadoka's ghost
  3446 | D:4      | Reached skill level 10 in Axes
  3446 | D:4      | Reached XP level 7. HP: 57/57 MP: 7/7
  3573 | D:4      | Reached skill level 11 in Axes
  3614 | D:4      | Found a white marble altar of Elyvilon.
  3614 | D:4      | Found a shattered altar of Ashenzari.
  3665 | D:4      | Found a staircase to the Ecumenical Temple.
  3739 | D:4      | Noticed Natasha
  3742 | D:4      | Killed Natasha
  4359 | D:4      | Noticed Natasha
  4374 | D:4      | Killed Natasha
  4381 | D:5      | Entered Level 5 of the Dungeon
  4407 | D:5      | Reached skill level 12 in Axes
  4407 | D:5      | Reached XP level 8. HP: 35/64 MP: 8/8
  4764 | D:5      | Noticed Duvessa
  4766 | D:5      | Noticed Dowan
  4776 | D:5      | Killed Duvessa
  4804 | D:5      | Killed Dowan
  4850 | D:5      | Reached skill level 13 in Axes
  4867 | D:5      | Noticed epen's ghost (novice GrGl)
  4933 | D:5      | Slain by epen's ghost

Skill      XL: |  1  2  3  4  5  6  7  8 |
---------------+-------------------------+-----
Axes           | 5 6 7 8 10 12 13 | 13.0
Fighting       | |  3.6
Armour         | |  2.1
Dodging        | |  1.5

Action                   |  1- 3 |  4- 6 |  7- 9 || total
-------------------------+-------+-------+-------++-------
Melee: Hand axe          |   140 |   195 |   179 ||   514
Invok: Trog's Hand       |     1 |       |       ||     1
       Berserk           |       |     3 |     4 ||     7
  Use: Scroll            |       |     1 |       ||     1
  Eat: Chunk             |     2 |     8 |     7 ||    17
       Fruit             |       |       |     3 ||     3
Armor: Animal skin       |    11 |       |       ||    11
       Ring mail         |    25 |       |       ||    25
       Scale mail        |    23 |    92 |    38 ||   153
Dodge: Dodged            |    86 |   114 |    54 ||   254
